 Dungeon Crawl Stone Soup version 0.22.1-2-g9c5b331 (webtiles) character file.

14747 Vno the Blocker (level 11, -8/95 HPs)
             Began as a Minotaur Berserker on Nov 16, 2018.
             Was the Champion of Trog.
             Mangled by an 11-headed hydra (13 damage)
             ... on level 2 of the Lair of Beasts on Dec 5, 2018.
             The game lasted 01:18:15 (13789 turns).

Vno the Blocker (Minotaur Berserker)               Turns: 13789, Time: 01:18:16

Health: -8/95      AC: 12    Str: 26    XL:     11   Next: 92%
Magic:  10/10      EV: 10    Int:  2    God:    Trog [******]
Gold:   576        SH: 20    Dex:  9    Spells: 10/10 levels left

rFire    . . .     SeeInvis .   M - +3 war axe (elec)
rCold    + . .     Gourm    .   i - +2 shield
rNeg     . . .     Faith    .   F - +2 scale mail {rC+}
rPois    +         Spirit   .   (helmet restricted)
rElec    .         Reflect  +   I - +0 cloak
rCorr    .         Harm     .   n - +0 pair of gloves
MR       +++..                  (no boots)
Stlth    ..........             y - +5 amulet of reflection
HPRegen  1.25/turn              k - ring of protection from magic
MPRegen  0.12/turn              u - ring of poison resistance

@: regenerating
A: retaliatory headbutt, horns 2, dopey 1
a: Berserk, Trog's Hand, Brothers in Arms, Renounce Religion


You were on level 2 of the Lair of Beasts.
You worshipped Trog.
Trog was exalted by your worship.
You were not hungry.

You visited 2 branches of the dungeon, and saw 13 of its levels.
You also visited: Sewer.

You collected 576 gold pieces.

Inventory:

Hand Weapons
 a - a +0 mace
 M - a +3 war axe of electrocution (weapon)
Missiles
 j - 60 bolts
 o - 153 arrows
 E - a tomahawk (quivered)
 R - 6 javelins
Armour
 i - a +2 shield (worn)
 n - a +0 pair of gloves (worn)
 F - a +2 scale mail of cold resistance (worn)
 I - a +0 cloak (worn)
Magical Staves
 C - an uncursed staff of energy {unknown}
 D - an uncursed staff of summoning {unknown}
Jewellery
 k - a ring of protection from magic (left hand)
 u - a ring of poison resistance (right hand)
 y - a +5 amulet of reflection (around neck)
 H - an uncursed ring of fire
 L - an uncursed ring of magical power
Wands
 b - a wand of random effects (25)
 J - a wand of polymorph (19)
 N - a wand of digging (9)
 P - a wand of acid (7)
 S - a wand of scattershot (2)
 W - a wand of paralysis (20)
Scrolls
 d - 6 scrolls of teleportation {unknown}
 e - 10 scrolls of remove curse {unknown}
 h - 18 scrolls of identify {unknown}
 q - 5 scrolls of fear {unknown}
 r - 3 scrolls of fog {unknown}
 s - 3 scrolls of blinking {unknown}
 t - 5 scrolls of magic mapping {unknown}
 z - 3 scrolls of enchant weapon {unknown}
 B - 2 scrolls of amnesia {unknown}
 G - a scroll of immolation {unknown}
 O - a scroll of torment {unknown}
 Q - a scroll of silence {unknown}
 T - a scroll of random uselessness {unknown}
Potions
 f - 6 potions of curing
 g - 5 potions of flight {unknown}
 l - 3 potions of degeneration {unknown}
 m - 3 potions of heal wounds
 p - a potion of resistance {unknown}
 v - 4 potions of magic {unknown}
 w - 2 potions of haste {unknown}
 x - a potion of might {unknown}
 A - 3 potions of cancellation {unknown}
 K - a potion of berserk rage {unknown}
 U - a potion of agility {unknown}
 X - a potion of brilliance {unknown}
 Z - a potion of invisibility {unknown}
Miscellaneous
 V - a sack of spiders
Comestibles
 c - 20 rations


   Skills:
 * Level 8.8 Fighting
 + Level 11.0(13.1) Axes
 - Level 12.2(13.7) Maces & Flails
 - Level 0.1 Throwing
 * Level 5.9 Armour
 - Level 2.5 Dodging
 + Level 13.0 Shields


You had 10 spell levels left.
You didn't know any spells.
Your spell library was empty.

Dungeon Overview and Level Annotations

Branches:
Dungeon (11/15)            Temple (0/1) D:5            Lair (2/6) D:11
  Swamp: Lair:2-4    Shoals: Lair:2-4     Snake: Lair:2-4    Spider: Lair:2-4
    Orc: D:9-12

Altars:
Ashenzari
Cheibriados
Hepliaklqana
Nemelex Xobeh
Sif Muna
Xom
Lugonu

Shops:
D:6 [

Annotations:
D:4 3 runed doors, lapinsky's ghost, weakling TrMo
Lair:1 exclusion: oklob plant


Innate Abilities, Weirdness & Mutations

You reflexively headbutt those who attack you in melee.
You have a pair of horns on your head.
You are dopey. (Int -2)


Message History

The ten-headed hydra is severely wounded.
You chop one of the ten-headed hydra's heads off!
The nine-headed hydra grows two more!
You slash the 11-headed hydra!
The 11-headed hydra is heavily wounded.
The 11-headed hydra bites you! You block the 11-headed hydra's attack.
The 11-headed hydra barely misses you. You block the 11-headed hydra's attack.
The 11-headed hydra bites you! The 11-headed hydra barely misses you.
The 11-headed hydra bites you but does no damage. x2
The 11-headed hydra misses you. You block the 11-headed hydra's attack.
The 11-headed hydra bites you!
* * * LOW HITPOINT WARNING * * *
Your skin crawls.
You feel resistant to hostile enchantments.
You feel somewhat more hungry.
You block the 11-headed hydra's attack. x2
The 11-headed hydra bites you!
* * * LOW HITPOINT WARNING * * *
The 11-headed hydra bites you!
* * * LOW HITPOINT WARNING * * *
The 11-headed hydra bites you!
You die...

.....#........
........#...... .....
........# .... ....##
.....#..##.....##.....#
.....P...... P......##
........##.. ........#
....P...## # ###.....#
....P...P#####.#.D...#
................@....##
........................
######..###.###..####...
#.## ### #### # ###


You could see a 11-headed hydra.

Vanquished Creatures
  Harold (D:7)
  Erica (D:8)
  An unseen horror (D:10)
  Pikel (D:8)
  Psyche (D:10)
  2 spiny frogs (Lair:1)
  3 kobold demonologists (D:10)
  A troll (D:10)
  6 hippogriffs
  A hungry ghost (D:9)
  A steam dragon (D:11)
  19 yaks
  5 water moccasins
  2 porcupines (Lair:1)
  2 orc warriors (D:11)
  An ice beast (D:9)
  2 black bears
  An eye of draining (D:8)
  A phantom (D:9)
  2 sky beasts
  4 ogres
  2 centaurs
  A crocodile (Lair:1)
  9 bullfrogs
  A wyvern zombie (D:9)
  A water moccasin zombie (D:9)
  A gnoll sergeant (D:9)
  8 scorpions
  9 killer bees
  5 wights (D:9)
  2 howler monkeys
  10 crimson imps
  3 quasits
  A bullfrog skeleton (D:5)
  11 orc priests
  8 hounds
  Crazy Yiuf (D:7)
  12 orc wizards
  An iguana (D:6)
  10 worker ants
  2 hound skeletons (D:10)
  A worker ant zombie (D:5)
  4 gnolls (D:9)
  A howler monkey skeleton (D:6)
  14 adders
  7 river rats (Sewer)
  2 shadow imps
  4 oozes
  2 adder skeletons
  An adder zombie (D:8)
  6 worms
  3 leopard geckos
  31 orcs
  13 ball pythons
  11 bats
  12 giant cockroaches
  11 goblins
  6 hobgoblins
  21 jackals
  8 kobolds
  9 quokkas
  9 frilled lizards
  2 quokka skeletons
  A quokka zombie (D:9)
  33 rats
  4 fungi (D:11)
  4 plants
376 creatures vanquished.

Vanquished Creatures (others)
  Joseph (Lair:1)
  2 centaurs
  3 fungi (D:11)
  A plant (Lair:1)
7 creatures vanquished.

Grand Total: 383 creatures vanquished

Notes
Turn   | Place    | Note
-------+----------+-------------------------------------------
     0 | D:1      | Vno the Minotaur Berserker began the quest for the Orb.
     0 | D:1      | Reached XP level 1. HP: 19/19 MP: 0/0
   235 | D:1      | Reached XP level 2. HP: 23/27 MP: 1/1
   635 | D:1      | Reached XP level 3. HP: 30/33 MP: 2/2
  1670 | D:2      | Reached ** piety under Trog
  1910 | D:2      | Reached XP level 4. HP: 33/41 MP: 3/3
  2021 | D:2      | Reached skill level 5 in Fighting
  2343 | D:3      | Reached skill level 5 in Maces & Flails
  2366 | D:3      | Reached skill level 1 in Shields
  2476 | D:3      | Found a glowing drain.
  2496 | D:3      | Reached XP level 5. HP: 16/48 MP: 4/4
  2785 | Sewer    | Entered a sewer
  3149 | Sewer    | Reached skill level 2 in Shields
  3156 | Sewer    | Reached *** piety under Trog
  3658 | Sewer    | Reached skill level 3 in Shields
  3658 | Sewer    | Reached XP level 6. HP: 36/56 MP: 5/5
  3670 | Sewer    | HP: 4/84 [poisoned by an adder]
  3679 | Sewer    | HP: 2/56 [bullfrog (3)]
  3680 | Sewer    | Reached skill level 4 in Shields
  3951 | D:3      | Reached **** piety under Trog
  4381 | D:3      | Found a sparkling altar of Nemelex Xobeh.
  4545 | D:4      | Reached skill level 5 in Shields
  4545 | D:4      | Reached XP level 7. HP: 61/61 MP: 6/6
  4684 | D:4      | Found a runed gate.
  4684 | D:4      | Found a runed gate.
  4684 | D:4      | Found a runed gate.
  4715 | D:4      | Noticed lapinsky's ghost (weakling TrMo)
  5147 | D:4      | Reached skill level 6 in Shields
  5409 | D:5      | Entered Level 5 of the Dungeon
  5447 | D:5      | Found a staircase to the Ecumenical Temple.
  5537 | D:5      | Reached XP level 8. HP: 41/68 MP: 7/7
  5910 | D:5      | Reached skill level 7 in Shields
  5967 | D:5      | Found a shimmering altar of Xom.
  6044 | D:5      | Found a shimmering altar of Xom.
  6109 | D:5      | Reached ***** piety under Trog
  6565 | D:6      | Found a shattered altar of Ashenzari.
  6754 | D:6      | Found a deep blue altar of Sif Muna.
  6775 | D:6      | Reached skill level 8 in Shields
  6792 | D:6      | Found Xisiung's Armour Emporium.
  7098 | D:6      | Reached skill level 10 in Maces & Flails
  7732 | D:7      | Reached skill level 9 in Shields
  7732 | D:7      | Reached XP level 9. HP: 68/74 MP: 8/8
  7741 | D:7      | Noticed Harold
  7772 | D:7      | Killed Harold
  7772 | D:7      | Reached skill level 10 in Shields
  7823 | D:7      | Found a snail-covered altar of Cheibriados.
  7823 | D:7      | Found a hazy altar of Hepliaklqana.
  7916 | D:7      | Found a runed door.
  8084 | D:7      | Noticed Crazy Yiuf
  8090 | D:7      | Killed Crazy Yiuf
  8550 | D:8      | Noticed Erica
  8568 | D:8      | Killed Erica
  8568 | D:8      | Reached skill level 11 in Shields
  8568 | D:8      | Reached XP level 10. HP: 60/83 MP: 5/9
  9614 | D:8      | Reached skill level 1 in Axes
  9636 | D:8      | Noticed Pikel
  9646 | D:8      | Killed Pikel
  9646 | D:8      | Reached skill level 12 in Shields
 10119 | D:9      | Reached ****** piety under Trog
 10234 | D:9      | Reached skill level 5 in Axes
 10476 | D:9      | Found a deep blue altar of Sif Muna.
 10774 | D:10     | Entered Level 10 of the Dungeon
 10973 | D:10     | Noticed Psyche
 10982 | D:10     | Received a gift from Trog
 11065 | D:10     | Killed Psyche
 11065 | D:10     | Reached XP level 11. HP: 85/91 MP: 10/10
 11273 | D:10     | Found a corrupted altar of Lugonu.
 11275 | D:10     | Gained mutation: You are dopey. (Int -2) [a neqoxec]
 11428 | D:10     | Killed an unseen horror
 12353 | D:11     | Reached skill level 10 in Axes
 12419 | D:11     | Found a staircase to the Lair.
 12421 | D:11     | Reached skill level 5 in Armour
 12427 | Lair:1   | Entered Level 1 of the Lair of Beasts
 12693 | Lair:1   | Noticed Joseph
 12700 | Lair:1   | Killed Joseph
 12700 | Lair:1   | Reached skill level 13 in Shields
 12855 | Lair:1   | Noticed an oklob plant
 13758 | Lair:2   | Noticed a four-headed hydra
 13789 | Lair:2   | Mangled by an 11-headed hydra

Skill      XL: |  1  2  3  4  5  6  7  8  9 10 11 |
---------------+----------------------------------+-----
Fighting       | 4 5 6 8 |  8.8
Maces & Flails | 4 5 6 7 8 10 11 12 | 12.2
Shields        | 1 3 5 6 9 11 12 13 | 13.0
Axes           | 8 11 | 11.0
Armour         | 5 |  5.9
Throwing       | |  0.1
Dodging        | |  2.5

Action                   |  1- 3 |  4- 6 |  7- 9 | 10-12 || total
-------------------------+-------+-------+-------+-------++-------
Melee: Mace              |    80 |   255 |   356 |    57 ||   748
       Headbutt          |    16 |    29 |    74 |    82 ||   201
       War axe           |       |       |       |   333 ||   333
Throw: Tomahawk          |       |       |       |     9 ||     9
Invok: Berserk           |     1 |     5 |     1 |     2 ||     9
       Trog's Hand       |       |       |       |     2 ||     2
  Use: Potion            |       |     5 |       |     1 ||     6
 Stab: Distracted        |     1 |       |       |       ||     1
       Sleeping          |       |     1 |       |       ||     1
  Eat: Chunk             |     1 |    13 |    14 |    14 ||    42
       Ration            |     1 |       |       |     2 ||     3
Armor: Animal skin       |    35 |    55 |     2 |       ||    92
       Ring mail         |       |       |    28 |       ||    28
       Scale mail        |       |       |    46 |   124 ||   170
Dodge: Dodged            |    66 |   147 |    60 |    86 ||   359
Block: Shield            |    12 |   219 |   256 |   421 ||   908
       Reflection        |       |       |     8 |    12 ||    20
